 Dungeon Crawl Stone Soup version 0.21-a0-264-g3e31e41 (webtiles) character file.

775 HHGregg the Skirmisher (level 7, -4/88 HPs)
             Began as a Demonspawn Gladiator on Sept 9, 2017.
             Slain by Duvessa
             ... wielding a +0 short sword
              (12 damage)
             ... on level 4 of the Dungeon.
             The game lasted 00:09:04 (4842 turns).

HHGregg the Skirmisher (Demonspawn Gladiator)       Turns: 4842, Time: 00:09:04

Health: -4/88      AC: 23    Str: 14    XL:     7   Next: 54%
Magic:  7/7        EV:  2    Int: 11    God:
Gold:   189        SH:  0    Dex: 15    Spells: 5/6 levels left

rFire    . . .     SeeInvis .   a - +1 long sword
rCold    . . .     Gourm    +   (no shield)
rNeg     + + +     Faith    .   (armour currently unavailable)
rPois    +         Spirit   .   (helmet currently unavailable)
rElec    .         Reflect  .   (cloak currently unavailable)
rCorr    .         Harm     .   (gloves currently unavailable)
MR       .....     NoTele   +   (boots currently unavailable)
Stlth    +.........             g - amulet of the gourmand
HPRegen  0.24/turn              o - ring of positive energy
MPRegen  0.10/turn              x - ring of flight

@: tree-form
A: rugged brown scales 2, freezing cloud immunity
a: no special abilities


You were on level 4 of the Dungeon.
You were very full.
You were a tree.
You visited 1 branch of the dungeon, and saw 5 of its levels.

You collected 189 gold pieces.

Inventory:

Hand Weapons
 a - a +1 long sword (weapon)
Missiles
 k - 156 stones (quivered)
Armour
 s - a +1 leather armour of cold resistance (melded)
 y - a +0 cloak (melded)
Jewellery
 g - an amulet of the gourmand (around neck)
 i - an uncursed ring of positive energy
 o - a ring of positive energy (left branch)
 x - a ring of flight (right branch)
Scrolls
 c - 5 scrolls of remove curse
 l - a scroll of fog {unknown}
 m - a scroll of blinking {unknown}
 u - a scroll of magic mapping {unknown}
 v - a scroll of fear
 w - 2 scrolls of enchant weapon
Potions
 b - a potion of ambrosia
 e - a potion of heal wounds {unknown}
 n - a potion of agility {unknown}
 r - 2 potions of flight {unknown}
Comestibles
 f - 2 bread rations
 h - a fruit
 j - a meat ration
 t - a royal jelly


   Skills:
 * Level 5.7 Fighting
 - Level 5.1 Long Blades
 - Level 2.0 Throwing
 - Level 1.0 Armour
 + Level 4.3 Dodging


You had 5 spell levels left.
You knew the following spells:

 Your Spells              Type           Power        Failure   Level  Hunger
a - Summon Small Mammal   Summ           #...         34%         1    ##.....


Dungeon Overview and Level Annotations

Branches:
Dungeon (5/15)
 Temple: D:4-7

Altars:
Fedhas

Annotations:
D:4 Duvessa


Innate Abilities, Weirdness & Mutations

((You have a pair of small horns on your head.))
(You are mostly covered in rugged brown scales. (AC +2, +5% HP))
((Your flesh is cold resistant. (rC+)))
((You are partially covered in sharp spines.))
You are immune to freezing clouds.


Message History

You strike the helpless Duvessa from behind!
You slash Duvessa!
Duvessa is almost dead.
Duvessa struggles against the net.
The net rips apart, and Duvessa comes free!
Duvessa hits you but does no damage.
You slash Duvessa!
Duvessa is almost dead.
Duvessa hits you but does no damage. Duvessa hits you with a short sword!
* * * LOW HITPOINT WARNING * * *
You hit Duvessa but do no damage.
Duvessa is almost dead.
Duvessa hits you but does no damage. x2
You hit Duvessa but do no damage.
Duvessa is almost dead.
Duvessa hits you but does no damage.
You hit Duvessa but do no damage.
Duvessa is almost dead.
Duvessa hits you but does no damage. Duvessa hits you with a short sword!
You die...

#.#...## #.##### #.# #.#
#.# ########### #.# ###
#.........###.##########.##
#.#######.#...............#
#.# #.#..♣..###.....>.# #.#
#...e...# #.#####)# #.#
###(#.#.# #.# #.# #.#
#.....# #.# #.### #.#
###.### #.# #...# ##.#
##'## ##.#####.#.# #..#
##...###........#.#
###.#####
##...).##.##..##.#.#
........#
##.......#.##...#.#.#


You could see Duvessa (berserk).

Vanquished Creatures
  A centaur (D:4)
  A bullfrog (D:4)
  Dowan (D:5)
  2 howler monkeys (D:4)
  A crimson imp (D:5)
  2 hounds (D:4)
  Crazy Yiuf (D:3)
  An orc priest (D:3)
  A bullfrog skeleton (D:4)
  An orc wizard (D:4)
  Terence (D:3)
  An iguana (D:4)
  2 worker ants (D:4)
  7 gnolls
  3 adders
  3 oozes
  A worm (D:4)
  A dart slug (D:3)
  5 leopard geckos
  6 orcs
  8 bats
  4 giant cockroaches
  9 hobgoblins
  2 jackals (D:1)
  9 kobolds
  5 quokkas
  17 frilled lizards
  11 goblins
  7 rats
114 creatures vanquished.

Notes
Turn   | Place    | Note
-------+----------+-------------------------------------------
     0 | D:1      | HHGregg the Demonspawn Gladiator began the quest for the Orb.
     0 | D:1      | Reached XP level 1. HP: 16/16 MP: 1/1
   295 | D:1      | Gained mutation: You are partially covered in rugged brown scales. (AC +1, +3% HP) [demonic ancestry]
   295 | D:1      | Reached XP level 2. HP: 16/22 MP: 2/2
   582 | D:1      | Gained mutation: You are partially covered in sharp spines. [demonic ancestry]
   582 | D:1      | Reached XP level 3. HP: 25/27 MP: 3/3
  1527 | D:2      | Gained mutation: You have a pair of small horns on your head. [demonic ancestry]
  1527 | D:2      | Reached XP level 4. HP: 26/33 MP: 4/4
  2267 | D:3      | Found a runed door.
  2375 | D:3      | Noticed Terence
  2388 | D:3      | Killed Terence
  2448 | D:3      | Gained mutation: Your flesh is cold resistant. (rC+) [demonic ancestry]
  2448 | D:3      | Reached XP level 5. HP: 39/39 MP: 5/5
  2509 | D:3      | Reached skill level 5 in Long Blades
  2601 | D:3      | Noticed Crazy Yiuf
  2608 | D:3      | Killed Crazy Yiuf
  2669 | D:4      | Gained mutation: You are mostly covered in rugged brown scales. (AC +2, +5% HP) [demonic ancestry]
  2669 | D:4      | Reached XP level 6. HP: 9/49 MP: 6/6
  3466 | D:4      | Learned a level 1 spell: Summon Small Mammal
  3732 | D:4      | Gained mutation: You are immune to freezing clouds. [demonic ancestry]
  3732 | D:4      | Reached XP level 7. HP: 57/57 MP: 7/7
  3742 | D:4      | Reached skill level 5 in Fighting
  4303 | D:5      | Entered Level 5 of the Dungeon
  4303 | D:5      | Found a blossoming altar of Fedhas.
  4410 | D:5      | Noticed Duvessa
  4558 | D:5      | Noticed Dowan
  4772 | D:4      | Reached skill level 1 in Armour
  4824 | D:5      | Killed Dowan
  4842 | D:4      | Slain by Duvessa

Vault maps used:
D:1:      ncdulo_watergridlock, minmay_lizard_pond
D:3:      serial_corexii_hall, corexii_hall_statues_u, corexii_hall_statues_x,
          uniq_crazy_yiuf_cottage, uniq_terence
D:5:      first_bread, roderic_serpentine_path, fedhas_bush_and_centaur_altar,
          uniq_grinder, uniq_duvessa, uniq_edmund

Skill      XL: |  1  2  3  4  5  6  7 |
---------------+----------------------+-----
Dodging        | 3 4 |  4.3
Long Blades    | 3 4 5 |  5.1
Throwing       | 2 |  2.0
Fighting       | 3 4 5 |  5.7
Armour         | 1 |  1.0

Action                   |  1- 3 |  4- 6 |  7- 9 || total
-------------------------+-------+-------+-------++-------
Melee: Long sword        |   106 |   101 |    38 ||   245
       Headbutt          |       |    26 |    10 ||    36
Throw: Stone             |     8 |     3 |    16 ||    27
       Throwing net      |       |       |     4 ||     4
  Use: Scroll            |     5 |       |     5 ||    10
       Potion            |       |       |     1 ||     1
 Stab: Sleeping          |     1 |     2 |       ||     3
       Held in net/web   |       |       |     1 ||     1
  Eat: Chunk             |     2 |    20 |     2 ||    24
Armor: Leather armour    |    38 |    29 |    15 ||    82
       Skin              |       |       |     4 ||     4
Dodge: Dodged            |    85 |    65 |    29 ||   179
       Rpst.: Long sword |    30 |    28 |     8 ||    66

Table legend:
 A = Spawn XP
 B = Non-spawn XP
 C = Spawn XP percentage of total XP
 D = Spawn monster count
 E = Non-spawn monster count
 F = Spawn count percentage of total count
 G = Total turns spent on level
                    A         B        C        D         E        F      G
               +---------+---------+-------+---------+---------+-------+---------
         Total |       0 |    1108 |   0.0 |       0 |     114 |   0.0 |  4842
               +---------+---------+-------+---------+---------+-------+---------
           D:1 |       0 |      60 |   0.0 |       0 |      37 |   0.0 |  1197
           D:2 |       0 |      44 |   0.0 |       0 |      21 |   0.0 |   653
           D:3 |       0 |     238 |   0.0 |       0 |      28 |   0.0 |   803
           D:4 |       0 |     647 |   0.0 |       0 |      25 |   0.0 |  2122
           D:5 |       0 |     119 |   0.0 |       0 |       3 |   0.0 |    67
               +---------+---------+-------+---------+---------+-------+---------
